 Dungeon Crawl Stone Soup version 0.31.0-32-g396128a36d (webtiles) character file.

Game seed: 7314548772812376209

146 leafyfresh the Magician (level 5, -7/35 HPs)
             Began as a Djinni Ice Elementalist on Mar 16, 2024.
             Mangled by an ogre
             ... wielding a +0 giant club
              (32 damage)
             ... on level 4 of the Dungeon.
             The game lasted 00:03:33 (2208 turns).

leafyfresh the Magician (Djinni Ice Elementalist)   Turns: 2208, Time: 00:03:34

Health: -7/35      AC:  8    Str:  7    XL:     5   Next: 53%
Gold:   220        EV: 12    Int: 18    God:
                   SH:  0    Dex: 14

rFire   + + +        j - +2 club (spect)
rCold   x . .        (no shield)
rNeg    . . .        a - +0 robe
rPois   ∞            (no helmet)
rElec   .            (no cloak)
rCorr   .            (no gloves)
SInv    .            (boots unavailable)
Will    .....        (no amulet)
Stlth   ++           i - ring of protection from fire
HPRegen 0.25/turn    (no ring)
MPRegen 0.00/turn

%: infuse magic (-8 HP)
@: ice-armoured, freezing walls, flying
A: sickness immunity, fire resistance 2, cold vulnerability 1, float, innate
caster, HP casting, extra vitality 1
a: no special abilities


You were on level 4 of the Dungeon.
You visited 1 branch of the dungeon, and saw 4 of its levels.

You collected 220 gold pieces.

Inventory:

Hand Weapons
 h - a +1 quarterstaff of draining
 j - a +2 spectral club (weapon)
Armour
 a - a +0 robe (worn)
Jewellery
 i - a ring of protection from fire (left hand)
 n - an amulet of regeneration
Wands
 k - a wand of flame (23)
Scrolls
 c - 2 scrolls of identify {unknown}
 d - a scroll of poison {unknown}
 e - 2 scrolls of amnesia {unknown}
 f - 2 scrolls of teleportation {unknown}
 m - a scroll of noise {unknown}
 o - 3 scrolls of torment {unknown}
 p - a scroll of blinking {unknown}
Potions
 b - a potion of berserk rage {unknown}
 g - a potion of enlightenment {unknown}
 l - a potion of ambrosia {unknown}


   Skills:
 - Level 2.1 Dodging
 - Level 1.5 Stealth
 + Level 5.3 Spellcasting
 + Level 5.3 Conjurations
 + Level 5.3 Hexes
 + Level 5.3 Summonings
 + Level 5.3 Necromancy
 + Level 5.3 Translocations
 + Level 5.3 Fire Magic
 + Level 5.3 Ice Magic
 + Level 5.3 Air Magic
 + Level 5.3 Earth Magic
 + Level 5.3 Alchemy


You knew the following spells:

 Your Spells              Type           Power      Damage    Failure   Level
a - Freeze                Ice            92%        1d9       1%          1
b - Frozen Ramparts       Ice            46%        1d7       4%          3
c - Ozocubu's Armour      Ice            23%        N/A       4%          3
d - Summon Ice Beast      Ice/Summ       23%        N/A       4%          3
e - Foxfire               Conj/Fire      92%        2x1d8     1%          1
f - Momentum Strike       Conj/Tloc      46%        3d9       2%          2
Your spell library was empty.

Dungeon Overview and Level Annotations

Branches:
Dungeon (4/15)
 Temple: D:4-7

Altars:
Nemelex Xobeh

Shops:
D:1 !


Innate Abilities, Weirdness & Mutations

You are immune to sickness and miasma.
You are immune to poison.
Your flesh is very heat resistant. (rF++)
You are vulnerable to cold. (rC-)
You float through the air rather than walking.
You learn spells naturally, not from books.
Your magical power is your life essence.
You have superior vitality. (+4 MHP)


Message History

You see here an iguana skeleton.
You see here a +0 whip.
Done exploring.
No target in view!
Done exploring.
No target in view!
Done exploring.
No target in view!
Done exploring.
No target in view!
Done exploring.
You see here 4 stones.
There is a stone staircase leading down here.
You fly downwards.
The endoplasm quivers.
Found 52 gold pieces.
There is a stone staircase leading up here.
An endoplasm is nearby!
An ogre comes into view. It is wielding a +0 giant club.
There are monsters nearby!
Found a quarterstaff and 14 gold pieces.
The endoplasm freezes you.
You are frozen.
You feel a terrible chill!
There are monsters nearby!
Unknown command.
Casting: Frozen Ramparts (dangerous; 4% risk of failure)
Confirm with . or Enter, or press ? or * to list all spells.
Casting: Frozen Ramparts (dangerous; 4% risk of failure)
Press: ? - help, Dir - look around, f - activate The walls around you are covered in ice.
The wall freezes the ogre.
The wall freezes the endoplasm.
You kill the endoplasm!
Unknown command.
Unknown command.
Casting: Frozen Ramparts (dangerous; 4% risk of failure)
Confirm with . or Enter, or press ? or * to list all spells.
A film of ice covers your body!
The wall freezes the ogre!
The ogre hits you with a +0 giant club!!
Ouch! That really hurt!
You die...

#.# #.#####
$.#... ... .
#$#)#
#.#######.#.#
#.......$O..#
#.<.@# #.####
#. #. #. #$
#. ..


You could see an ogre.

Vanquished Creatures
  An iguana (D:3)
  Robin (D:2)
  4 adders
  8 ball pythons
  5 endoplasms
  2 giant cockroaches (D:3)
  12 goblins
  4 hobgoblins
  6 quokkas
  11 bats
  5 frilled lizards (D:1)
  5 kobolds
  3 rats
67 creatures vanquished.

Notes
Turn   | Place    | Note
-------+----------+-------------------------------------------
     0 | D:1      | leafyfresh the Djinni Ice Elementalist began the quest for
                  | the Orb.
     0 | D:1      | leafyfresh set off with the following spells memorised:
                  | Freeze, Frozen Ramparts, Ozocubu's Armour, Summon Ice
                  | Beast.
     0 | D:1      | Reached XP level 1. HP: 15/15 MP: 0/0
   141 | D:1      | Reached XP level 2. HP: 21/21 MP: 0/0
   298 | D:1      | Found a faded altar of an unknown god.
   408 | D:1      | Reached XP level 3. HP: 21/25 MP: 0/0
   408 | D:1      | Learned a level 1 spell: Foxfire
   480 | D:1      | Found Ymij's Distillery.
   892 | D:1      | Found a sparkling altar of Nemelex Xobeh.
  1187 | D:2      | Reached XP level 4. HP: 23/31 MP: 0/0
  1230 | D:2      | Noticed Robin
  1243 | D:2      | Killed Robin
  1427 | D:2      | You are sucked into a shaft and drop 1 floor!
  1507 | D:3      | Reached XP level 5. HP: 22/35 MP: 0/0
  1507 | D:3      | Learned a level 2 spell: Momentum Strike
  1582 | D:3      | Reached skill level 5 in Spellcasting
  1582 | D:3      | Reached skill level 5 in Conjurations
  1582 | D:3      | Reached skill level 5 in Hexes
  1582 | D:3      | Reached skill level 5 in Summonings
  1582 | D:3      | Reached skill level 5 in Necromancy
  1582 | D:3      | Reached skill level 5 in Translocations
  1582 | D:3      | Reached skill level 5 in Fire Magic
  1582 | D:3      | Reached skill level 5 in Ice Magic
  1582 | D:3      | Reached skill level 5 in Air Magic
  1582 | D:3      | Reached skill level 5 in Earth Magic
  1582 | D:3      | Reached skill level 5 in Alchemy
  2205 | D:4      | Noticed an ogre
  2208 | D:4      | Mangled by an ogre

Illustrated notes

Levels and vault maps discovered:
D:1:      dpeg_arrival_lava_altar, layout_loops_ring, serial_shops,
          nicolae_shop_stone, chequers_ecumenical_altar_island
D:2:      layout_basic, basic_altar, kennysheep_path_1, minmay_distorted,
          uniq_robin
D:3:      layout_loops_ring, amcnicky_altar_gilded
D:4:      minmay_evil_eye, layout_loops_ring, uniq_pikel

Skill      XL: |  1  2  3  4  5 |
---------------+----------------+-----
Spellcasting   | 4 5 |  5.3
Conjurations   | 4 5 |  5.3
Hexes          | 4 5 |  5.3
Summonings     | 4 5 |  5.3
Necromancy     | 4 5 |  5.3
Translocations | 4 5 |  5.3
Fire Magic     | 4 5 |  5.3
Ice Magic      | 4 5 |  5.3
Air Magic      | 4 5 |  5.3
Earth Magic    | 4 5 |  5.3
Alchemy        | 4 5 |  5.3
Dodging        | |  2.1
Stealth        | |  1.5

Action                     |  1- 3 |  4- 6 || total
---------------------------+-------+-------++-------
  Melee: Unarmed           |    28 |       ||    28
         Club              |       |    21 ||    21
   Cast: Freeze            |    54 |     3 ||    57
         Frozen Ramparts   |       |    12 ||    12
         Ozocubu's Armour  |       |     3 ||     3
   Stab: Sleeping          |       |     2 ||     2
 Armour: Robe              |    49 |    18 ||    67
  Dodge: Dodged            |    56 |    28 ||    84
